AoeStats
← f.mark96

Golden Pit

509954335Analyzed
1v1 RM · 2d ago on Sep 28, 2026· 45m 16s· 2 players
Game mode
Random Map
Map size
Tiny (2 player)
Population
200
Speed
Normal
Resources
Standard
Victory
Conquest
Starting age
Dark Age
Ending age
Imperial Age
RankedLock teamsTeams togetherTeam positionsShared explorationLock speedFull tech treeHidden civsTurbo modeCheats
Victory
Defeat
🇭🇺 Saxons · Hungary
1380
+14
🇮🇳 Persians · India
1339
-14
望舒芷若映月
10:24 Feudal Age
10:12 Loom
18:08 Fletching
23:09 Castle Age
21:56 Scale Barding Armor
22:12 Forging
22:33 Town Watch
22:34 Horse Collar
22:43 Double-Bit Axe
24:57 Chain Barding Armor
25:25 Iron Casting
25:04 Bloodlines
31:33 Stone Mining
31:33 Gold Mining
33:24 Bodkin Arrow
39:51 Imperial Age
43:18 Plate Barding Armor
43:44 Blast Furnace
44:37 Conscription
44:56 Hoardings
f.mark96
6:43 Loom
9:40 Feudal Age
9:46 Man-at-Arms
10:29 Double-Bit Axe
10:38 Horse Collar
18:19 Castle Age
18:08 Fletching
18:44 Padded Archer Armor
19:10 Bodkin Arrow
19:42 Bow Saw
24:05 Crossbowman
25:26 Wheelbarrow
25:36 Town Watch
25:59 Padded Archer Armor
31:13 Scale Mail Armor
31:40 Forging
32:04 Leather Archer Armor
31:56 Squires
32:44 Ballistics
33:02 Chain Mail Armor
42:13 Imperial Age
40:07 Hand Cart
41:01 Gambesons
41:53 Iron Casting
42:21 Elite Hearth Troop
43:25 Conscription
42:38 Elite Varangian Guard
42:43 Shield Wall
43:57 Plate Mail Armor
45:11 Two-Man Saw
45:17 Arson
45:16 Arbalester
Connection lost

Rejoining the realm…

Still unreachable

The connection could not be restored.

Session expired

The server has moved on; the page needs a fresh start.